 Dungeon Crawl Stone Soup version 0.30-b1-2-g02819fbbbe (webtiles) character file.

Game seed: 15022323180662608251

422 Arcadio the Skirmisher (level 6, -3/51 HPs)
             Began as a Gnoll Hunter on May 7, 2023.
             Slain by an orc warrior
             ... wielding a +0 scimitar
              (16 damage)
             ... on level 3 of the Dungeon.
             The game lasted 00:09:08 (3022 turns).

Arcadio the Skirmisher (Gnoll Hunter)               Turns: 3022, Time: 00:09:09

Health: -3/51      AC:  5    Str: 11    XL:     6   Next: 95%
Magic:  9/9        EV: 15    Int:  8    God:
Gold:   166        SH:  0    Dex: 23    Spells: 8/9 levels left

rFire   . . .        a - +0 shortbow
rCold   . . .        (shield currently unavailable)
rNeg    . . .        c - +0 leather armour
rPois   .            p - +0 helmet
rElec   .            q - scarf {harm}
rCorr   .            h - +0 pair of gloves
SInv    .            (no boots)
Will    .....        (no amulet)
Stlth   +            m - +6 ring of dexterity
HPRegen 0.28/turn    (no ring)
MPRegen 0.11/turn

%: harm (+30% outgoing, +20% incoming)
@: confused, ambrosia-drunk
A: fangs 1, strong nose, distributed training
a: no special abilities


You were on level 3 of the Dungeon.
You visited 1 branch of the dungeon, and saw 4 of its levels.

You collected 166 gold pieces.

Inventory:

Hand Weapons
 a - a +0 shortbow (weapon)
 b - a +1 dagger of electrocution
Armour
 c - a +0 leather armour (worn)
 h - a +0 pair of gloves (worn)
 p - a +0 helmet (worn)
 q - a scarf of harm (worn)
Jewellery
 m - a +6 ring of dexterity (left hand)
Scrolls
 e - 2 scrolls of immolation
 f - 2 scrolls of enchant weapon
 g - a scroll of poison
 j - 2 scrolls of amnesia
 r - a scroll of enchant armour {unknown}
 t - a scroll of identify {unknown}
Potions
 d - 2 potions of heal wounds {unknown}
 i - a potion of mutation {unknown}
 k - a potion of attraction {unknown}
 l - a potion of invisibility {unknown}
 n - a potion of ambrosia
 o - a potion of brilliance {unknown}
 s - a potion of might {unknown}
 u - a potion of flight {unknown}


   Skills:
 + Level 5.1 Fighting
 + Level 2.2 Short Blades
 + Level 2.2 Long Blades
 + Level 2.2 Axes
 + Level 2.2 Maces & Flails
 + Level 2.2 Polearms
 + Level 2.2 Staves
 + Level 8.8 Ranged Weapons
 + Level 2.2 Throwing
 + Level 2.2 Armour
 + Level 5.1 Dodging
 + Level 3.3 Stealth
 + Level 2.2 Shields
 + Level 2.2 Unarmed Combat
 + Level 2.2 Spellcasting
 + Level 1.8 Conjurations
 + Level 1.8 Hexes
 + Level 1.8 Summonings
 + Level 1.8 Necromancy
 + Level 1.8 Translocations
 + Level 1.8 Transmutations
 + Level 1.8 Fire Magic
 + Level 1.8 Ice Magic
 + Level 1.8 Air Magic
 + Level 1.8 Earth Magic
 + Level 1.8 Poison Magic
 + Level 2.5 Invocations
 + Level 2.2 Evocations


You had 8 spell levels left.
You knew the following spells:

 Your Spells              Type           Power      Damage    Failure   Level
a - Freeze                Ice            12%        1d3       22%         1

Your spell library contained the following spells:

 Spells                   Type           Power      Damage    Failure   Level
 Foxfire                  Conj/Fire      12%        2x1d4     22%         1
 Shock                    Conj/Air       12%        1d3       22%         1
 Call Canine Familiar     Summ           3%         N/A       54%         3
 Portal Projectile        Hex/Tloc       6%         N/A       54%         3
 Leda's Liquefaction      Hex/Erth       1%         N/A       91%         4


Dungeon Overview and Level Annotations

Branches:
Dungeon (4/15) Zot: 20979
 Temple: D:4-7

Altars:


Innate Abilities, Weirdness & Mutations

You have very sharp teeth.
Your uncanny sense of smell can sniff out nearby items.
Your experience applies equally to all skills.


Message History

Aim: an orc warrior, wielding a +0 scimitar, wearing a +2 chain mail of willpower and quivering boomerangs (heavily wounded, 66% to hit)
You shoot an arrow.
The arrow hits the orc warrior but does no damage.
The orc warrior is heavily wounded.
The orc warrior throws a boomerang.
The boomerang hits you!
Fire: a) +0 shortbow
Press: ? - help, Q - select action, (/) - cycle Shift-Dir - straight line, f/p - orc warrior
Aim: an orc warrior, wielding a +0 scimitar, wearing a +2 chain mail of willpower and quivering boomerangs (heavily wounded, 66% to hit)
You shoot an arrow.
The arrow closely misses the orc warrior.
Fire: a) +0 shortbow
Press: ? - help, Q - select action, (/) - cycle Shift-Dir - straight line, f/p - orc warrior
Aim: an orc warrior, wielding a +0 scimitar, wearing a +2 chain mail of willpower and quivering boomerangs (heavily wounded, 66% to hit)
You shoot an arrow.
The arrow hits the orc warrior but does no damage.
The orc warrior is heavily wounded.
You hear some strange, mumbled words.
Something tries to affect you, but you resist.
The orc warrior hits you with a +0 scimitar!
You climb upwards.
Reactivating autopickup.
There is a stone staircase leading down here.
Casting: Freeze (safe; 22% risk of failure)
Confirm with . or Enter, or press ? or * to list all spells.
Aiming: Freeze (safe; 22% risk of failure)
Press: ? - help, Shift-Dir - straight line, f - orc warrior
Aim: an orc warrior, wielding a +0 scimitar, wearing a +2 chain mail of willpower and quivering boomerangs (heavily wounded)
You freeze the orc warrior.
The orc warrior is heavily wounded.
The orc warrior hits you with a +0 scimitar!
* * * LOW HITPOINT WARNING * * *
Okay, then.
It was a potion of ambrosia.
You are confused.
You feel invigorated.
The orc warrior hits you with a +0 scimitar.
* * * LOW HITPOINT WARNING * * *
You're too confused to move!
The orc warrior hits you with a +0 scimitar!
You die...

# ### #.' ############
##### #.# #........o@##
#...# #.#
#........#.†######...####.#
#........##................
#.......)+....####...##.###
#........###.........##.#
#........###.####....##.#
######..................###
#..............##.....
########.......####..#


You could see an orc warrior.

Vanquished Creatures
  An ogre (D:2)
  A phantom (D:3)
  An orc priest (D:3)
  2 hounds (D:3)
  2 orc wizards (D:3)
  4 adders
  4 dart slugs
  7 orcs
  4 ball pythons
  4 endoplasms
  A giant cockroach (D:2)
  10 goblins
  6 hobgoblins
  7 jackals (D:1)
  A quokka (D:2)
  8 bats
  2 frilled lizards (D:2)
  3 kobolds
  6 rats
74 creatures vanquished.

Notes
Turn   | Place    | Note
-------+----------+-------------------------------------------
     0 | D:1      | Arcadio the Gnoll Hunter began the quest for the Orb.
     0 | D:1      | Reached XP level 1. HP: 20/20 MP: 1/1
   101 | D:1      | Reached XP level 2. HP: 26/26 MP: 2/2
   269 | D:1      | Reached XP level 3. HP: 23/31 MP: 3/3
   451 | D:1      | Reached skill level 1 in Invocations
   804 | D:2      | Noticed an ogre
   812 | D:2      | Killed an ogre
   813 | D:2      | Reached skill level 1 in Short Blades
   813 | D:2      | Reached skill level 1 in Long Blades
   813 | D:2      | Reached skill level 1 in Axes
   813 | D:2      | Reached skill level 1 in Maces & Flails
   813 | D:2      | Reached skill level 1 in Polearms
   813 | D:2      | Reached skill level 1 in Staves
   813 | D:2      | Reached skill level 1 in Throwing
   813 | D:2      | Reached skill level 1 in Armour
   813 | D:2      | Reached skill level 1 in Shields
   813 | D:2      | Reached skill level 1 in Unarmed Combat
   813 | D:2      | Reached skill level 1 in Spellcasting
   813 | D:2      | Reached skill level 1 in Conjurations
   813 | D:2      | Reached skill level 1 in Hexes
   813 | D:2      | Reached skill level 1 in Summonings
   813 | D:2      | Reached skill level 1 in Necromancy
   813 | D:2      | Reached skill level 1 in Translocations
   813 | D:2      | Reached skill level 1 in Transmutations
   813 | D:2      | Reached skill level 1 in Fire Magic
   813 | D:2      | Reached skill level 1 in Ice Magic
   813 | D:2      | Reached skill level 1 in Air Magic
   813 | D:2      | Reached skill level 1 in Earth Magic
   813 | D:2      | Reached skill level 1 in Poison Magic
   813 | D:2      | Reached skill level 1 in Evocations
   813 | D:2      | Reached XP level 4. HP: 27/38 MP: 4/6
   813 | D:2      | Reached XP level 5. HP: 31/43 MP: 4/7
  1624 | D:3      | Got Even Beginners Can Use the Hermit's Heritage!
  2022 | D:3      | Reached XP level 6. HP: 41/50 MP: 8/8
  2068 | D:3      | Reached skill level 5 in Fighting
  2068 | D:3      | Reached skill level 5 in Dodging
  2956 | D:3      | Learned a level 1 spell: Freeze
  3005 | D:4      | Noticed an orc warrior
  3022 | D:3      | Slain by an orc warrior

Illustrated notes

Levels and vault maps discovered:
D:1:      dpeg_arrival_rooms_b, layout_rooms
D:2:      layout_loops_corners
D:3:      layout_basic, ebering_dispersal_statue_hall
D:4:      layout_rooms, grunt_temple_overflow_open,
          nicolae_shop_overcharged_wands

Skill      XL: |  1  2  3  4  5  6 |
---------------+-------------------+-----
Invocations    | 1 2 |  2.5
Short Blades   | 1 2 |  2.2
Long Blades    | 1 2 |  2.2
Axes           | 1 2 |  2.2
Maces & Flails | 1 2 |  2.2
Polearms       | 1 2 |  2.2
Staves         | 1 2 |  2.2
Throwing       | 1 2 |  2.2
Armour         | 1 2 |  2.2
Shields        | 1 2 |  2.2
Unarmed Combat | 1 2 |  2.2
Spellcasting   | 1 2 |  2.2
Conjurations   | 1 |  1.8
Hexes          | 1 |  1.8
Summonings     | 1 |  1.8
Necromancy     | 1 |  1.8
Translocations | 1 |  1.8
Transmutations | 1 |  1.8
Fire Magic     | 1 |  1.8
Ice Magic      | 1 |  1.8
Air Magic      | 1 |  1.8
Earth Magic    | 1 |  1.8
Poison Magic   | 1 |  1.8
Evocations     | 1 2 |  2.2
Stealth        | 3 |  3.3
Fighting       | 5 |  5.1
Dodging        | 5 |  5.1
Ranged Weapons | |  8.8

Action                     |  1- 3 |  4- 6 || total
---------------------------+-------+-------++-------
  Melee: Dagger            |    36 |    86 ||   122
         Bite              |     3 |    14 ||    17
         Punch             |     1 |       ||     1
   Fire: Shortbow          |    57 |    76 ||   133
   Cast: Freeze            |       |     1 ||     1
    Use: Scroll            |       |     3 ||     3
         Potion            |       |     1 ||     1
 Armour: Leather armour    |    12 |    20 ||    32
  Dodge: Dodged            |    28 |    61 ||    89
